Map: [ESL] Hard Lead

Players

Classic

  • Race: Protoss Protoss
  • Spawn Location: 11:00

Spirit (souL) - Winner!

  • Race: Terran Terran
  • League: Master
  • Spawn Location: 5:00

Event: IEM Katowice 2024

VOD

Have the link to the VOD?

Description

Time

  • Played on: Dec. 8, 2023, 3:43 p.m.
  • Length: 10:21

All games in this series

Show
View Real Time Build Order
Export as new Build Order

Classic Protoss 

Build Orders: 1 Gate Expand, Oracle Opening, Phoenix Opening 

Get SALT Encoding   

  12  0:00  Probe  
  13  0:12  Probe  
  14  0:17  Pylon  
  14  0:24  Probe  
  15  0:35  Gateway  
  15  0:37  Probe (Chrono Boost)  
  16  0:47  Assimilator, Probe (Chrono Boost)  
  17  0:52  Probe (Chrono Boost)  
  18  1:03  Probe  
  19  1:16  Probe  
  20  1:23  Cybernetics Core  
  20  1:31  Pylon  
  22  1:39  Probe  
  21  1:44  Nexus  
  21  1:51  Assimilator  
  21  1:52  Probe  
  22  2:00  Stalker (Chrono Boost)  
  24  2:05  Probe  
  25  2:17  Probe  
  25  2:21  Adept (Chrono Boost)  
  26  2:29  Stargate, Probe  
  29  2:37  Warp Gate  
  29  2:41  Probe  
  30  2:55  Adept  
  30  2:57  Probe (Chrono Boost)  
  30  2:58  Probe (Chrono Boost)  
  35  3:06  Probe (Chrono Boost)  
  35  3:08  Probe (Chrono Boost)  
  35  3:10  Oracle (Chrono Boost)  
  35  3:11  Probe (Chrono Boost)  
  39  3:18  Probe  
  41  3:21  Pylon  
  41  3:23  Probe  
  42  3:30  Probe  
  43  3:35  Probe, Stalker  
  43  3:38  Gateway  
  43  3:39  Phoenix  
  48  3:42  Probe  
  48  3:47  Pylon, Probe  
  50  3:53  Shield Battery  
  49  4:08  Probe x2  
  49  4:12  Phoenix (Chrono Boost)  
  47  4:24  Probe x2  
  46  4:30  Pylon  
  46  4:32  Stalker  
  46  4:33  Stalker  
  46  4:36  Probe x2  
  50  4:48  Probe x2  
  50  4:53  Assimilator  
  50  4:56  Stalker x2  
  54  5:00  Probe  
  54  5:01  Assimilator, Probe  
  54  5:13  Probe x2  
  50  5:16  Robotics Facility  
  50  5:20  Stalker  
  52  5:25  Probe x2  
  54  5:28  Nexus  
  54  5:37  Probe x2  
  54  5:41  Phoenix  
  58  5:49  Pylon, Probe x2  
  60  5:56  Sentry  
  62  6:00  Pylon  
  62  6:01  Probe x2  
  62  6:04  Robotics Bay  
  64  6:05  Immortal (Chrono Boost)  
  68  6:12  Shield Battery  
  68  6:14  Probe  
  68  6:15  Probe  
  70  6:19  Shield Battery  
  70  6:22  Sentry  
  70  6:24  Phoenix  
  74  6:27  Probe x2  
  76  6:33  Pylon  
  76  6:36  Observer (Chrono Boost)  
  76  6:37  Zealot  
  76  6:39  Probe x2  
  81  6:44  Observer  
  81  6:47  Colossus (Chrono Boost)  
  87  6:54  Pylon  
  87  6:55  Phoenix (Chrono Boost)  
  87  6:57  Probe x3  
  87  7:00  Zealot  
  94  7:02  Zealot  
  96  7:11  Probe x3  
  96  7:13  Pylon  
  96  7:15  Extended Thermal Lance  
  99  7:22  Gateway  
  99  7:23  Gateway  
  101  7:30  Probe x3  
  101  7:31  Assimilator  
  101  7:33  Assimilator  
  101  7:34  Colossus (Chrono Boost)  
  102  7:41  Pylon  
  102  7:43  Twilight Council  
  108  7:44  Probe x2  
  108  7:45  Forge, Probe  
  111  7:52  Zealot x2  
  111  7:55  Pylon  
  115  8:01  Phoenix  
  115  8:13  Shield Battery  
  115  8:14  Zealot x2  
  115  8:19  Zealot x2  
  123  8:22  Colossus (Chrono Boost)  
  129  8:31  Shield Battery  
  127  8:36  Gateway  
  127  8:37  Zealot x2  
  127  8:39  Gateway  
  127  8:40  Gateway, Charge (Chrono Boost)  
  127  8:42  Gateway  
  114  8:50  Zealot  
  114  8:51  Zealot  
  114  8:54  Phoenix  
  114  8:55  Pylon  
  118  8:57  Pylon  
  118  9:02  Zealot x2  
  96  9:07  Colossus (Chrono Boost)  
  88  9:14  Zealot x2  
  93  9:19  Phoenix  
  90  9:28  Zealot x2  
  82  9:32  Nexus  
  82  9:34  Zealot x2  
  82  9:35  Zealot x3  
  92  9:44  Zealot  
  91  9:59  Zealot x2  
  87  10:00  Zealot x4  
  87  10:06  Zealot  
  93  10:07  Zealot  
Show
View Real Time Build Order
Export as new Build Order

Spirit Terran - Winner!

Build Orders:  

Get SALT Encoding   

  12  0:00  SCV  
  13  0:12  SCV  
  14  0:16  Supply Depot  
  14  0:24  SCV  
  15  0:38  SCV  
  15  0:40  Barracks  
  16  0:50  SCV  
  16  0:52  Refinery  
  17  1:02  SCV  
  18  1:09  Engineering Bay  
  18  1:14  SCV  
  19  1:27  Orbital Command, Marine  
  20  1:45  Barracks Reactor  
  20  1:49  Command Center  
  20  1:53  SCV  
  21  1:59  Supply Depot  
  21  2:05  SCV  
  22  2:12  Factory  
  22  2:17  SCV  
  22  2:18  Refinery  
  22  2:21  Marine  
  24  2:23  Marine  
  24  2:29  SCV  
  26  2:39  Marine  
  26  2:41  SCV, Marine  
  29  2:56  Starport  
  29  3:02  Orbital Command  
  29  3:04  Hellion x2  
  33  3:10  SCV  
  34  3:22  SCV  
  34  3:26  Cyclone x2  
  39  3:29  SCV  
  39  3:32  Medivac  
  42  3:37  Supply Depot  
  42  3:39  SCV  
  43  3:43  SCV, Supply Depot  
  44  3:51  SCV  
  44  3:53  Supply Depot  
  45  3:55  SCV  
  45  3:59  Cyclone  
  45  4:02  Cyclone  
  50  4:03  SCV  
  50  4:08  SCV  
  51  4:15  SCV  
  48  4:20  SCV  
  49  4:25  Barracks Tech Lab  
  49  4:27  SCV  
  49  4:28  Bunker  
  50  4:32  SCV  
  50  4:38  Barracks  
  51  4:40  Barracks, SCV  
  51  4:44  SCV  
  51  4:50  Cyclone x2  
  51  4:52  SCV  
  55  4:56  SCV  
  56  5:04  Stimpack, SCV  
  56  5:05  Marine  
  56  5:08  SCV  
  50  5:16  SCV  
  50  5:17  Engineering Bay  
  50  5:18  Refinery x2  
  50  5:20  SCV  
  49  5:23  Marauder  
  49  5:25  Barracks  
  49  5:26  Barracks  
  49  5:28  SCV  
  52  5:29  Barracks Reactor  
  52  5:32  Supply Depot, SCV  
  52  5:35  Factory Tech Lab  
  55  5:40  SCV  
  56  5:43  Marine  
  56  5:44  Supply Depot, Marine, SCV  
  56  5:45  Marauder  
  56  5:48  Terran Infantry Weapons Level 1  
  56  5:49  Starport Reactor  
  59  5:52  SCV  
  61  5:57  Siege Tank, Command Center  
  61  6:01  Supply Depot  
  61  6:03  Marine x2, Supply Depot  
  65  6:06  SCV  
  65  6:10  SCV  
  67  6:12  Marauder  
  67  6:14  Barracks Reactor  
  67  6:15  Barracks Tech Lab  
  67  6:17  Barracks Tech Lab  
  69  6:18  Marine  
  69  6:19  Marine  
  69  6:21  Marine  
  69  6:23  Supply Depot  
  72  6:26  Marine  
  72  6:28  Medivac  
  72  6:31  Medivac  
  77  6:33  Siege Tank  
  77  6:34  Marauder  
  77  6:35  Concussive Shells  
  77  6:36  Combat Shield  
  77  6:38  Marine  
  77  6:39  SCV, Supply Depot  
  84  6:43  Marauder  
  84  6:44  Marine  
  89  6:47  Marauder  
  89  6:48  SCV  
  89  6:50  Supply Depot  
  89  6:53  Marine x2  
  92  6:54  SCV  
  92  6:57  Missile Turret  
  92  6:59  Marauder  
  95  7:05  Siege Tank, Marine  
  95  7:06  Marauder  
  101  7:10  Medivac  
  101  7:13  SCV x2  
  105  7:15  Medivac  
  105  7:17  Marauder, Marine  
  105  7:20  Missile Turret  
  105  7:22  Marauder  
  111  7:25  Marine  
  111  7:27  Marine  
  111  7:28  Marauder  
  111  7:29  Marine  
  116  7:35  Marine  
  117  7:38  Orbital Command  
  117  7:39  Marine  
  117  7:42  SCV  
  117  7:43  Terran Infantry Armor Level 1, Marine  
  121  7:47  Siege Tank  
  121  7:48  Marine  
  121  7:49  Marine  
  126  7:54  SCV, Ghost Academy  
  126  7:55  Marauder  
  128  7:59  Marauder, Marine  
  128  8:00  SCV  
  128  8:04  SCV  
  132  8:08  Marauder, Marine  
  132  8:11  Marine  
  133  8:18  Supply Depot  
  133  8:19  Supply Depot, Marauder  
  133  8:21  Marine, Supply Depot  
  133  8:23  Marine  
  133  8:35  Supply Depot  
  133  8:36  Marine  
  133  8:39  Ghost, Marine  
  133  8:40  Marauder, Medivac  
  142  8:41  Marauder  
  142  8:44  Marine  
  142  8:46  Siege Tank  
  142  8:48  SCV, Marine  
  135  8:54  Marine  
  137  8:57  Marine  
  137  9:01  Ghost  
  137  9:02  Marine  
  136  9:03  Medivac, Marauder  
  136  9:06  Marine  
  136  9:08  Marine  
  134  9:12  Marine  
  134  9:14  Command Center  
  134  9:15  Marine  
  136  9:20  Marine  
  136  9:24  Marauder, Marine  
  136  9:26  Ghost  
  136  9:30  Medivac, Marauder, Marine  
  136  9:33  Marine  
  136  9:36  SCV x3  
  136  9:37  Refinery x2  
  136  9:38  Marine  
  138  9:40  Medivac  
  138  9:42  Marine  
  142  9:45  Marauder  
  142  9:48  Marine  
  142  9:49  SCV  
  142  9:51  Marauder, Marine, SCV  
  148  9:53  SCV  
  148  9:54  Marine  
  148  9:56  Marine  
  147  10:02  Marine  
  152  10:08  Armory  
  152  10:09  Engineering Bay  

Tags
 
Add a new tag
Caveats
  • Supply blocks, unpowered buildings, or Contaminate may cause inaccurate times.
  • Supply counts are checked every 10 seconds.